 Dungeon Crawl Stone Soup version 0.15-a0-94-g674142f (webtiles) character file.

104825 Qrupt the Black Belt (level 16, -9/86 HPs)
             Began as a Vine Stalker Monk on Apr 9, 2014.
             Was the Champion of Makhleb.
             Mangled by a ghost moth (11 damage)
             ... on Level 1 of the Spider Nest.
             The game lasted 02:18:01 (26588 turns).

Qrupt the Black Belt (Vine Stalker Monk)           Turns: 26588, Time: 02:18:04

HP  -9/86        AC 18     Str 14      XL: 16   Next: 33%
MP   0/32        EV 18     Int 10      God: Makhleb [******]
Gold 2359        SH 16     Dex 22 (24) Spells:  6 memorised, 10 levels left

rFire  + . .     SeeInvis .       - Unarmed
rCold  + + .     Clarity  .     k - +2 ring mail {rF+}
rNeg   + . .     Conserve .     z - +2 buckler {rN+}
rPois  +         rCorr    .     (no helmet)
rElec  .         rRot     +     f - +2 cloak {rC+}
SustAb . .       Spirit   +     e - +2 pair of gloves {rC+}
rMut   .         Warding  .     (no boots)
Saprov . . .     Stasis   .     (no amulet)
MR     +++..                    D - +5 ring of protection
                                u - ring of the Magpie {rPois MR+ Dam+4}

@: lethally poisoned, extremely resistant to hostile enchantments, fairly
stealthy
A: fangs 3, regeneration 3, magic shield, antimagic bite, no device heal
a: Minor Destruction, Lesser Servant of Makhleb, Major Destruction, Greater
Servant of Makhleb, Renounce Religion


You were on level 1 of the Spider Nest.
You worshipped Makhleb.
Makhleb was exalted by your worship.
You were very hungry.

You visited 5 branches of the dungeon, and saw 29 of its levels.
You also visited: Ice Cave.

You collected 2958 gold pieces.
You spent 599 gold pieces at shops.

Inventory:

Armour
 e - a +2 pair of gloves of cold resistance (worn)
 f - a +2 cloak of cold resistance (worn)
 k - a +2 ring mail of fire resistance (worn)
 z - a +2 buckler of positive energy (worn)
 H - the cursed +2 cloak of the Thief {+Fog Dam-3 SInv Stlth++}
   (You found it on level 8 of the Dungeon)

   It affects your damage with ranged weapons and melee attacks (-3).
   It enhances your eyesight.
   It can be evoked to emit clouds of fog.
   It makes you much more stealthy.
   It has a curse placed upon it.
Magical devices
 g - a wand of draining (4)
 h - a wand of flame (7)
 m - a wand of draining (0)
 C - a wand of disintegration (22)
 I - a wand of disintegration (13)
 O - a wand of polymorph (11) {unknown}
Comestibles
 b - 14 bread rations
 j - a meat ration
 N - a honeycomb
Scrolls
 a - 2 scrolls of enchant weapon II
 d - 6 scrolls of remove curse
 i - 4 scrolls of fog
 r - 4 scrolls of identify
 t - a scroll of amnesia
 y - 3 scrolls of teleportation
 J - a scroll of vulnerability {unknown}
 K - a scroll of recharging
 L - 2 scrolls of fear
 U - 2 scrolls of blinking
Jewellery
 n - an uncursed ring of teleport control {unknown}
 o - an uncursed ring of positive energy
 q - an uncursed ring of fire {unknown}
 u - the ring of the Magpie (left hand) {rPois MR+ Dam+4}
   (You bought it in a shop on level 13 of the Dungeon)

   [ring of poison resistance]

   It affects your damage with ranged weapons and melee attacks (+4).
   It protects you from poison.
   It affects your resistance to hostile enchantments.
 v - an uncursed ring of protection from magic
 w - the amulet of Feolles {Inacc rElec rF+ Stlth}
   (You found it on level 1 of the Lair of Beasts)

   [amulet of inaccuracy]

   It reduces the accuracy of all your attacks.
   It protects you from fire.
   It insulates you from electricity.
   It makes you more stealthy.
 B - an uncursed ring of protection from fire
 D - a +5 ring of protection (right hand)
 F - an uncursed ring of positive energy
 S - an uncursed ring of flight
Potions
 l - 2 potions of agility
 s - a potion of berserk rage
 G - a potion of magic {unknown}
 P - 10 potions of curing
 Q - 2 potions of might
 T - a potion of restore abilities
 W - 2 potions of resistance
Books
 c - a book of Transfigurations

   Spells                             Type                      Level
   Stoneskin                          Transmutation/Earth          2
   Ice Form                           Ice/Transmutation            4
   Statue Form                        Transmutation/Earth          6
   Dragon Form                        Transmutation                7
 p - a book of War Chants

   Spells                             Type                      Level
   Fire Brand                         Charms/Fire                  2
   Freezing Aura                      Charms/Ice                   2
   *Shroud of Golubria                Charms/Translocation         2
   Repel Missiles                     Charms/Air                   2
   Poison Weapon                      Charms/Poison                3
   *Regeneration                      Charms/Necromancy            3
 x - a book of Hinderance

   Spells                             Type                      Level
   Confusing Touch                    Hexes                        1
   Confuse                            Hexes                        3
   Petrify                            Transmutation/Earth          4
   Leda's Liquefaction                Hexes/Earth                  4
   Metabolic Englaciation             Hexes/Ice                    5
   Summon Mana Viper                  Hexes/Summoning              5
 A - a book of Debilitation

   Spells                             Type                      Level
   Corona                             Hexes                        1
   Slow                               Hexes                        2
   Inner Flame                        Hexes/Fire                   3
   Enslavement                        Hexes                        4
   Cause Fear                         Hexes                        4
   Leda's Liquefaction                Hexes/Earth                  4
 E - a book of Envenomations

   Spells                             Type                      Level
   Spider Form                        Transmutation/Poison         3
   Poison Weapon                      Charms/Poison                3
   Alistair's Intoxication            Transmutation/Poison         4
   Olgreb's Toxic Radiance            Poison                       4
   Poisonous Cloud                    Conjuration/Poison/Air       6


   Skills:
 - Level 10.4 Fighting
 + Level 9.7 Dodging
 - Level 2.4 Stealth
 - Level 6.6 Shields
 - Level 15.5 Unarmed Combat
 - Level 8.3 Spellcasting
 - Level 10.7 Charms
 - Level 6.0 Translocations
 - Level 10.1 Invocations


You had 10 spell levels left.
You knew the following spells:

 Your Spells              Type           Power        Failure   Level  Hunger
a - Blink                 Tloc           N/A          2%          2    #......
b - Flight                Chrm/Air       ##........   10%         3    ###....
c - Regeneration          Chrm/Necr      ##........   10%         3    ###....
d - Shroud of Golubria    Chrm/Tloc      ###.......   1%          2    #......
e - Silence               Hex/Air        #.........   100%        5    #####..
f - Deflect Missiles      Chrm/Air       ##........   100%        6    #######


Dungeon Overview and Level Annotations

Branches:
Dungeon (15/15)            Temple (1/1) D:5             Orc (4/4) D:11
    Elf (0/3) Orc:3          Lair (8/8) D:9          Shoals (0/5) Lair:4
 Spider (1/5) Lair:3        Slime (0/6) Lair:7       Vaults (0/5) D:13
 Depths (0/5) D:15

Altars:
Ashenzari
Cheibriados
Dithmenos
Elyvilon
Fedhas
Kikubaaqudgha
Makhleb
Nemelex Xobeh
Okawaru
Sif Muna
Trog
Vehumet
Xom
Yredelemnul
Zin
The Shining One
Beogh

Shops:
D:13 =   Orc:2 [   Orc:3 (   Orc:4 (}*=

Annotations:
D:3 Crazy Yiuf
D:7 exclusion: jelly


Innate Abilities, Weirdness & Mutations

You are immune to rotting.
You have razor-sharp teeth.
You regenerate.
When hurt, damage is shared between your health and your magic reserves.
Your bite disrupts and absorbs the magic of your enemies.
Potions and wands cannot restore your HP.


Message History

You hit something. You bite something! You drain its power.
You feel invigorated. Something hits you but does no damage.
Something hits you!
You feel clumsy.
Something stings you but does no damage.
You hit something. You bite something! You drain its power.
You feel invigorated.
You closely miss something. You bite something.
You feel you are being watched by something.
Something hits you!
* * * LOW HITPOINT WARNING * * *
Something closely misses you. Something stings you!
* * * LOW HITPOINT WARNING * * *
You are poisoned.
Something poisons you! You partially resist.
You feel you are being watched by something.
Something hits you!
* * * LOW HITPOINT WARNING * * *
Something hits you!
You die...

#..................#.
###...............##.
#.#.!..%......^....#.
.###.##..^....).......#.
......###..###..^#.#....
#.....#..# #.#.######.
#........#.#..#.# ##
####%.%...######..
##@#.....# .. #%##..##.#
. #.....#..# .
#.......##... ...#.....#
#.. #. #.....# . ##.#^..
## ###... #. ###.# ##..


There were no monsters in sight!

Vanquished Creatures
  Kirke (D:15)
  3 rakshasas (D:13)
  A dire elephant (D:15)
  4 vault guards (D:13)
  Josephine (Orc:2)
  Harold (D:12)
  2 unseen horrors (D:13)
  7 hydras
  A tengu warrior (D:14)
  2 centaur warriors
  Nergalle (Orc:3)
  A sun demon (D:12)
  A catoblepas (D:14)
  Erolcha (D:10)
  4 ice devils (IceCv)
  2 ice statues (IceCv)
  3 hill giants
  Joseph (Lair:1)
  An orc sorcerer (Orc:1)
  A wolf spider (Spider:1)
  4 orc knights
  A wizard (D:14)
  9 elephants
  2 griffons
  4 manticores
  3 cyclopes
  A brown ooze (Lair:7)
  2 mermaids (Lair:4)
  8 spiny frogs
  3 gargoyles
  Psyche (D:9)
  A black mamba (Lair:4)
  2 item mimics
  4 kobold demonologists
  2 efreet
  A fire drake (Lair:1)
  6 trolls
  A red devil (D:12)
  6 komodo dragons
  2 blue devils (IceCv)
  A boggart (D:13)
  2 merfolk (Lair:4)
  2 two-headed ogres (D:13)
  2 jumping spiders (Spider:1)
  2 boulder beetles
  5 polar bears (Lair:8)
  14 blink frogs
  A deep elf mage (D:9)
  2 slime creatures (D:15)
  2 ravens (D:14)
  9 grizzly bears (Lair:8)
  5 basilisks
  74 yaks
  2 shadows (D:13)
  A redback (Spider:1)
  A wyvern (D:11)
  A human (D:8)
  5 hungry ghosts
  An elephant slug (Lair:8)
  14 hippogriffs
  Eustachio (D:10)
  A hill giant zombie (D:12)
  33 ugly things
  Grum (D:11)
  4 sharks
  A deep elf fighter (D:6)
  A hill giant skeleton (D:12)
  2 mottled dragons (D:15)
  A tengu zombie (D:15)
  8 wargs
  10 porcupines
  3 necrophages (Lair:7)
  12 vampire mosquitoes
  The ghost of notcluie the Ruinous, an average TeFE (D:4)
  4 hell hounds (Lair:8)
  43 wolves
  A soldier ant (D:12)
  22 water moccasins
  An ogre skeleton (D:15)
  4 sky beasts
  11 spiders (Lair:3)
  2 phantoms
  10 ogres
  6 black bears (Lair:8)
  4 ice beasts
  2 yellow wasps
  2 giant goldfish
  25 orc warriors
  A vampire mosquito zombie (D:15)
  A boring beetle (shapeshifter) (D:13)
  9 crocodiles
  Duvessa (D:6)
  A brain worm (D:13)
  11 giant slugs
  16 centaurs
  A komodo dragon skeleton (D:13)
  Blork the orc (D:9)
  A cyclops zombie (D:12)
  5 big kobolds
  2 yaktaur skeletons (D:13)
  15 giant frogs
  2 gnoll sergeants
  2 troll zombies (D:11)
  9 scorpions
  2 cyclops skeletons
  A warg zombie (Orc:2)
  A hippogriff zombie (D:13)
  22 killer bees
  2 electric eels
  10 wights
  A warg skeleton (Orc:2)
  A yaktaur simulacrum (D:15)
  6 crimson imps
  3 goliath beetles
  Dowan (D:6)
  A giant frog zombie (D:13)
  29 hounds
  4 jellies
  A gnoll shaman (D:7)
  A big fish (D:15)
  8 iguanas
  6 orange rats (Lair:4)
  22 orc priests
  A giant frog skeleton (D:13)
  15 orc wizards
  14 worker ants
  4 ogre zombies (D:11)
  A brain worm zombie (D:12)
  15 sheep
  A mummy (D:11)
  22 adders
  18 gnolls
  35 green rats
  21 white imps
  An inept feature mimic (D:4)
  4 shadow imps
  6 worms
  2 giant mites
  A goliath beetle zombie (D:11)
  8 ufetubi (IceCv)
  2 giant eyeballs (D:4)
  11 giant geckos
  An ooze (D:6)
  162 orcs
  2 ball pythons
  A bat zombie (D:7)
  6 giant cockroaches
  18 goblins
  18 hobgoblins
  35 jackals
  13 bats
  5 giant newts
  2 goblin skeletons
  2 goblin zombies
  A hobgoblin skeleton (D:11)
  3 hobgoblin zombies (D:11)
  30 kobolds
  An orc simulacrum (Orc:2)
  4 orc skeletons (D:11)
  15 orc zombies
  14 quokkas
  21 rats
  5 ballistomycetes
  A butterfly (Lair:4)
  A plant (Lair:4)
1207 creatures vanquished.

Vanquished Creatures (collateral kills)
  Snorg (Orc:3)
  Urug (D:10)
  4 orc high priests
  2 orc knights (Orc:4)
  A sixfirhy (Orc:3)
  4 orc sorcerers (Orc:4)
  4 orc zombies (Orc:4)
  7 orc warriors
  3 orc priests
  A jelly (D:10)
  3 orc wizards
  An orc (Orc:3)
  A goblin (Orc:3)
33 creatures vanquished.

Vanquished Creatures (others)
  The ghost of dartonias the Bludgeoner, a powerful OgBe of Trog (IceCv)
  An unseen horror (shapeshifter) (D:13)
  An unseen horror (D:13)
  3 humans (D:15)
  A big fish (D:12)
  An orc priest (Orc:2)
  An orc wizard (D:13)
  An adder (D:10)
  An ufetubus (IceCv)
  A bat (D:6)
  4 giant spores
  A kobold (D:12)
  An orc skeleton (D:10)
  4 plants
22 creatures vanquished.

Grand Total: 1262 creatures vanquished

Notes
Turn   | Place    | Note
--------------------------------------------------------------
     0 | D:1      | Qrupt, the Vine Stalker Monk, began the quest for the Orb.
     0 | D:1      | Reached XP level 1. HP: 11/11 MP: 1/1
   174 | D:1      | Reached XP level 2. HP: 16/16 MP: 3/3
   861 | D:2      | Reached XP level 3. HP: 19/19 MP: 4/4
   910 | D:2      | Reached skill level 5 in Unarmed Combat
  1549 | D:3      | Reached XP level 4. HP: 10/23 MP: 3/5
  1760 | D:3      | Noticed Crazy Yiuf
  1859 | D:4      | Reached skill level 6 in Unarmed Combat
  1949 | D:4      | Reached XP level 5. HP: 23/27 MP: 5/7
  2037 | D:4      | Noticed an ogre
  2152 | D:4      | Reached skill level 7 in Unarmed Combat
  2284 | D:4      | Gained mutation: You heal very quickly. [vine stalker growth]
  2284 | D:4      | Reached XP level 6. HP: 17/32 MP: 8/8
  2350 | D:4      | Killed an ogre
  2459 | D:4      | Noticed notcluie's ghost (average TeFE)
  2473 | D:4      | Killed notcluie's ghost
  2473 | D:4      | Reached skill level 8 in Unarmed Combat
  2546 | D:4      | Reached XP level 7. HP: 35/35 MP: 9/9
  2630 | D:4      | Found a burning altar of Makhleb.
  2703 | D:4      | Paralysed by a giant eyeball for 4 turns
  2830 | D:5      | Entered Level 5 of the Dungeon
  3162 | D:5      | Reached skill level 9 in Unarmed Combat
  3212 | D:5      | Found a staircase to the Ecumenical Temple.
  3316 | Temple   | Entered the Ecumenical Temple
  3503 | Temple   | Became a worshipper of Makhleb the Destroyer
  3503 | Temple   | Acquired Makhleb's first power
  3503 | Temple   | Acquired Makhleb's second power
  3837 | D:6      | Gained mutation: You have razor-sharp teeth. [vine stalker growth]
  3837 | D:6      | Reached XP level 8. HP: 35/39 MP: 9/11
  3923 | D:6      | Reached skill level 10 in Unarmed Combat
  4157 | D:6      | Noticed Duvessa
  4157 | D:6      | Noticed Dowan
  4170 | D:6      | Killed Duvessa
  4179 | D:6      | Killed Dowan
  4346 | D:6      | Noticed a deep elf fighter
  4352 | D:6      | Killed a deep elf fighter
  4352 | D:6      | Reached XP level 9. HP: 43/43 MP: 12/12
  4402 | D:6      | Reached skill level 5 in Dodging
  4465 | D:6      | Reached skill level 1 in Invocations
  4818 | D:7      | Acquired Makhleb's third power
  5109 | D:7      | Reached skill level 1 in Shields
  5394 | D:7      | Acquired Makhleb's fourth power
  6069 | D:8      | Reached skill level 5 in Shields
  6260 | D:8      | Reached XP level 10. HP: 38/47 MP: 13/18
  6666 | D:9      | Noticed Blork the orc
  6682 | D:9      | Killed Blork the orc
  6691 | D:9      | Noticed Psyche
  6725 | D:9      | Killed Psyche
  6890 | D:9      | Acquired Makhleb's fifth power
  7007 | D:9      | Reached skill level 5 in Invocations
  7066 | D:9      | Identified a scroll of acquirement
  7146 | D:9      | Found a staircase to the Lair.
  7317 | D:9      | Reached XP level 11. HP: 51/51 MP: 25/25
  7538 | Lair:1   | Entered Level 1 of the Lair of Beasts
  7824 | Lair:1   | Noticed Joseph
  7838 | Lair:1   | Reached skill level 10 in Invocations
  7941 | Lair:1   | Killed Joseph
  7968 | Lair:1   | Reached skill level 11 in Unarmed Combat
  8309 | Lair:1   | Got a crude pewter amulet
  8818 | Lair:2   | Reached skill level 12 in Unarmed Combat
  8851 | Lair:2   | Identified the amulet of Feolles {Inacc rElec rF+ Stlth} (You found it on level 1 of the Lair of Beasts)
  9928 | Lair:3   | Found a hole to the Spider Nest.
  9982 | Lair:3   | Reached skill level 13 in Unarmed Combat
 10013 | Lair:3   | Gained mutation: You regenerate. [vine stalker growth]
 10013 | Lair:3   | Reached XP level 12. HP: 56/56 MP: 27/27
 10616 | Lair:3   | Reached skill level 14 in Unarmed Combat
 11293 | Lair:4   | Found a burning altar of Makhleb.
 11460 | Lair:4   | Found a frozen archway.
 11595 | IceCv    | Entered an ice cave
 11635 | IceCv    | Reached skill level 15 in Unarmed Combat
 11648 | IceCv    | Killed dartonias' ghost
 12133 | IceCv    | Reached XP level 13. HP: 63/63 MP: 28/28
 12286 | Lair:4   | Noticed an eight-headed hydra
 12309 | Lair:4   | Reached skill level 5 in Fighting
 12453 | Lair:4   | Killed an eight-headed hydra
 12566 | Lair:4   | Found a staircase to the Shoals.
 12782 | Lair:4   | Learned a level 2 spell: Blink
 12884 | Lair:4   | Reached skill level 1 in Translocations
 12894 | Lair:4   | Found an iron altar of Okawaru.
 13375 | Lair:5   | Reached skill level 5 in Translocations
 13930 | Lair:6   | Reached skill level 1 in Spellcasting
 14285 | Lair:6   | Reached skill level 5 in Spellcasting
 15136 | Lair:7   | Found a staircase to the Slime Pits.
 15173 | Lair:7   | Reached XP level 14. HP: 65/70 MP: 29/29
 15797 | Lair:8   | Entered Level 8 of the Lair of Beasts
 16316 | Lair:8   | Paralysed by a potion of paralysis for 3 turns
 17290 | Lair:1   | Learned a level 3 spell: Flight
 17294 | Lair:1   | Learned a level 3 spell: Regeneration
 17297 | Lair:1   | Learned a level 2 spell: Shroud of Golubria
 17303 | Lair:1   | Learned a level 5 spell: Silence
 17310 | Lair:1   | Learned a level 6 spell: Deflect Missiles
 17344 | D:10     | Entered Level 10 of the Dungeon
 17456 | D:10     | Noticed Urug
 17468 | D:10     | Killed Urug
 17474 | D:10     | Reached skill level 10 in Fighting
 17493 | D:10     | Noticed Eustachio
 17500 | D:10     | Killed Eustachio
 17714 | D:10     | Noticed Erolcha
 17832 | D:10     | Killed Erolcha
 18112 | D:11     | Reached skill level 1 in Charms
 18187 | D:11     | Found a staircase to the Orcish Mines.
 18608 | D:11     | Noticed Grum
 18621 | D:11     | Killed Grum
 19026 | D:12     | Found a white marble altar of Elyvilon.
 19350 | D:12     | Reached skill level 5 in Charms
 19357 | D:12     | Reached XP level 15. HP: 81/81 MP: 32/32
 19621 | D:12     | Noticed Harold
 19650 | D:12     | Killed Harold
 20223 | Orc:1    | Entered Level 1 of the Orcish Mines
 20493 | Orc:1    | Found a shimmering altar of Xom.
 20942 | Orc:2    | Found Soskuc's Antique Armour Emporium.
 20981 | Orc:2    | Noticed Josephine
 21135 | Orc:2    | Killed Josephine
 21338 | Orc:3    | Noticed Nergalle
 21374 | Orc:3    | Found Wasasiuf's Antique Weapon Shoppe.
 21389 | Orc:3    | Killed Nergalle
 21623 | Orc:3    | Noticed Snorg
 21779 | Orc:3    | Killed Snorg
 22130 | Orc:3    | Found a staircase to the Elven Halls.
 22236 | Orc:4    | Entered Level 4 of the Orcish Mines
 22676 | Orc:4    | Found Thethia's General Store.
 22695 | Orc:4    | Found Kurr's Weapon Emporium.
 22725 | Orc:4    | Found Uciuwoaj's Gadget Emporium.
 22729 | Orc:4    | Found Wiasad's Jewellery Boutique.
 22766 | Orc:4    | Bought a scroll of fear for 56 gold pieces
 22981 | Orc:4    | Found a roughly hewn altar of Beogh.
 23318 | D:13     | Reached skill level 10 in Charms
 23391 | D:13     | Found a gate to the Vaults.
 23556 | D:13     | Found Qan Deip's Jewellery Emporium.
 23559 | D:13     | Bought the ring of the Magpie {rPois MR+ Dam+4} for 543 gold pieces
 24943 | D:14     | Reached XP level 16. HP: 74/86 MP: 24/32
 25219 | D:15     | Entered Level 15 of the Dungeon
 25340 | D:15     | Noticed Kirke
 25356 | D:15     | Killed Kirke
 25713 | D:15     | Found a staircase to the Depths.
 26487 | Spider:1 | Entered Level 1 of the Spider Nest
 26588 | Spider:1 | HP: 2/86 [something (12)]
 26588 | Spider:1 | Mangled by a ghost moth

Action                   |  1- 3 |  4- 6 |  7- 9 | 10-12 | 13-15 | 16-18 || total
-------------------------+-------+-------+-------+-------+-------+-------++-------
Melee: Unarmed           |   155 |   100 |   412 |  1358 |  2352 |   277 ||  4654
 Cast: Regeneration      |       |       |       |       |     1 |       ||     1
       Shroud of Golubri |       |       |       |       |       |     2 ||     2
Invok: Minor Destruction |       |       |       |     2 |    18 |       ||    20
       Greater Servant o |       |       |       |       |     2 |       ||     2
 Abil: Evoke Fog         |       |       |       |     1 |       |       ||     1
Evoke: Wand              |       |       |       |     4 |     8 |       ||    12
  Use: Scroll            |       |       |       |    25 |    15 |       ||    40
       Potion            |       |       |       |     1 |     5 |       ||     6
 Stab: Sleeping          |     2 |     2 |     6 |    17 |    17 |     1 ||    45
       Distracted        |       |       |       |     2 |     5 |     2 ||     9
       Fleeing           |       |       |       |       |     1 |       ||     1
